 Dungeon Crawl Stone Soup version 0.21.1-1-g345015f (webtiles) character file.

126 Fang the Skirmisher (level 5, -4/49 HPs)
             Began as a Gargoyle Berserker on May 4, 2018.
             Was a Priest of Trog.
             Blown up by Ijyb (20 damage)
             ... with a wand of disintegration (2)
             ... on level 3 of the Dungeon.
             The game lasted 00:04:28 (2714 turns).

Fang the Skirmisher (Gargoyle Berserker)            Turns: 2714, Time: 00:04:28

Health: -4/49      AC:  6    Str: 26    XL:     5   Next: 10%
Magic:  5/5        EV: 12    Int:  8    God:    Trog [***...]
Gold:   222        SH:  0    Dex:  9    Spells: 4/4 levels left

rFire    . . .     SeeInvis .   a - +0 hand axe
rCold    . . .     Gourm    .   (no shield)
rNeg     + . .     Faith    .   b - +0 animal skin
rPois    ∞         Spirit   .   (no helmet)
rElec    +         Reflect  .   (no cloak)
rCorr    .         Harm     .   (no gloves)
MR       .....                  (no boots)
Stlth    ..........             (no amulet)
HPRegen  0.16/turn              (no ring)
MPRegen  0.09/turn              (no ring)

@: berserking, very quick
A: negative energy resistance 1, electricity resistance, unbreathing,
petrification resistance, rot immunity, AC +4
a: Berserk, Trog's Hand, Burn Spellbooks, Renounce Religion


You were on level 3 of the Dungeon.
You worshipped Trog.
Trog was most pleased with you.
You were very hungry.

You visited 1 branch of the dungeon, and saw 3 of its levels.

You collected 222 gold pieces.

Inventory:

Hand Weapons
 a - a +0 hand axe (weapon)
Missiles
 p - 2 tomahawks (quivered)
Armour
 b - a +0 animal skin (worn)
Jewellery
 m - an uncursed ring of positive energy {unknown}
Scrolls
 d - 3 scrolls of identify {unknown}
 e - a scroll of enchant weapon {unknown}
 f - a scroll of magic mapping {unknown}
 j - a scroll of amnesia {unknown}
 k - a scroll of blinking {unknown}
 l - a scroll of teleportation {unknown}
 n - 4 scrolls of remove curse {unknown}
Potions
 g - a potion of ambrosia {unknown}
 h - a potion of heal wounds {unknown}
 i - a potion of agility {unknown}
 o - a potion of magic {unknown}
 q - a potion of flight {unknown}
 r - a potion of degeneration {unknown}
Comestibles
 c - 5 rations


   Skills:
 + Level 4.1 Fighting
 + Level 3.8 Axes
 + Level 2.4 Armour
 + Level 2.5 Dodging
 + Level 0.8 Stealth


You had 4 spell levels left.
You didn't know any spells.

Dungeon Overview and Level Annotations

Branches:
Dungeon (3/15)

Altars:
Elyvilon
Fedhas

Annotations:
D:3 Ijyb


Innate Abilities, Weirdness & Mutations

You are resistant to torment.
Your stone body is resilient. (AC +4)
You are immune to poison.
You resist negative energy. (rN+)
You are resistant to electric shocks. (rElec)
You can survive without breathing.
You are immune to petrification.
You are immune to rotting.


Message History

Ijyb hits you but does no damage.
You hit Ijyb but do no damage.
Ijyb is moderately wounded.
Ijyb screams, "Me kill you!"
Ijyb zaps a wand.
You are blasted!
You are too injured to fight recklessly!
You are too injured to fight recklessly!
You are too injured to fight recklessly!
You are too injured to fight recklessly!
You are too injured to fight recklessly!
You are too injured to fight recklessly!
You are too injured to fight recklessly!
You are too injured to fight recklessly!
You are too injured to fight recklessly!
You are too injured to fight recklessly!
A red film seems to cover your vision as you go berserk!
You feel yourself moving faster!
You feel mighty!
You are feeling very hungry.
Ijyb zaps a wand.
You are blasted!
You die...

# #≈≈..........#
###≈≈..#####...#
.##≈≈..#.).#####
.#≈≈≈..'.†.'..##+##
.#≈≈≈..#...#..#...#
.≈≈#########..#...#
.≈≈#..........#...#
...'†..†......#.g.#
...'...)......#.@.#
...'..........#.).#
#≈≈#..........#...#
#≈≈#########..##''#
##≈≈≈..#...#......#
#≈≈≈.)'...'......#
##≈≈..#...#......#
#################


You could see Ijyb.

Vanquished Creatures
  An adder (D:3)
  A gnoll (D:1)
  2 dart slugs (D:1)
  2 leopard geckos (D:3)
  8 orcs
  4 bats
  2 giant cockroaches (D:3)
  15 goblins
  9 hobgoblins
  10 jackals (D:3)
  11 kobolds
  3 quokkas
  A ball python (D:3)
  7 frilled lizards
  7 rats
83 creatures vanquished.

Notes
Turn   | Place    | Note
-------+----------+-------------------------------------------
     0 | D:1      | Fang the Gargoyle Berserker began the quest for the Orb.
     0 | D:1      | Reached XP level 1. HP: 14/14 MP: 1/1
   291 | D:1      | Reached XP level 2. HP: 19/19 MP: 2/2
   495 | D:1      | Reached XP level 3. HP: 24/24 MP: 3/3
  1043 | D:2      | Reached ** piety under Trog
  1942 | D:3      | Reached skill level 4 in Fighting
  1973 | D:3      | Reached XP level 4. HP: 25/29 MP: 4/4
  2166 | D:3      | Found a white marble altar of Elyvilon.
  2207 | D:3      | Reached *** piety under Trog
  2420 | D:3      | Found a blossoming altar of Fedhas.
  2616 | D:3      | Reached XP level 5. HP: 32/33 MP: 5/5
  2704 | D:3      | Noticed Ijyb
  2714 | D:3      | Blown up by Ijyb

Skill      XL: |  1  2  3 |
---------------+----------+-----
Axes           | 3 |  3.8
Dodging        | 2 |  2.5
Fighting       | 4 |  4.1
Armour         | |  2.4
Stealth        | |  0.8

Action                   |  1- 3 |  4- 6 || total
-------------------------+-------+-------++-------
Melee: Hand axe          |   146 |   115 ||   261
Invok: Berserk           |     3 |     2 ||     5
  Eat: Chunk             |     4 |     5 ||     9
Armor: Animal skin       |    46 |    44 ||    90
Dodge: Dodged            |   105 |    80 ||   185
